[ PARTIDA AOE2 · #495978813 ]
UnrankedPortugueses vs Magyars
Equipo del jugador · VICT
Equipo rival · DERR
[ ANÁLISIS DE REPETICIÓN · EXTRAÍDO DE LA PARTIDA GRABADA ]
Feudal
11:20
Castillos
15:28
Imperial
—
| APM promedio | 40.7 |
| APM pico | 63 |
| eAPM promedio | 23.3 |
| Aldeanos / militares | 124 / 42 |
Foco
⚔️ 22.3% · 🌾 77.7%
Organ Gun ×19 · Monk ×8 · Scorpion ×6 · Spearman ×5 · Mangonel ×2 · Battering Ram ×2
Feudal
8:55
Castillos
22:32
Imperial
—
| APM promedio | 35.6 |
| APM pico | 59 |
| eAPM promedio | 18.1 |
| Aldeanos / militares | 86 / 31 |
Foco
⚔️ 28.6% · 🌾 71.4%
Cavalry Archer ×19 · Scout Cavalry ×6 · Mangonel ×4 · Knight ×2
Mapa de la partida
Recursos iniciales + cada clic de construcción. Líneas = muros · curvas = relieve. ◆ oro · ⬟ piedra · ● bayas · ✦ reliquia · ◌ hueco del cierre
Tu base· Abierta — flanco sin cerrar
Base de Saloon_F_F· Abierta — hueco de 4t
Terreno inicial suavizado · ◌ = hueco del cierre detectado · pasá el cursor para detalles
Inputs por minuto
— zz_Highway - - Saloon_F_F
Build order — zz_Highway
Primeras 150 de 266 acciones detectadas
| 0:01 | Crear | Villager (Male) |
| 0:01 | Crear | Villager (Male) |
| 0:03 | Construir | House |
| 0:04 | Construir | House |
| 0:12 | Crear | Villager (Male) |
| 0:12 | Crear | Villager (Male) |
| 1:20 | Crear | Villager (Male) |
| 1:21 | Crear | Villager (Male) |
| 1:56 | Crear | Villager (Male) |
| 1:56 | Crear | Villager (Male) |
| 2:31 | Crear | Villager (Male) |
| 2:40 | Crear | Villager (Male) |
| 2:55 | Construir | Lumber Camp |
| 3:13 | Crear | Villager (Male) |
| 3:13 | Crear | Villager (Male) |
| 3:37 | Crear | Villager (Male) |
| 3:50 | Construir | House |
| 3:51 | Construir | House |
| 3:57 | Crear | Villager (Male) |
| 4:25 | Crear | Villager (Male) |
| 4:57 | Construir | House |
| 5:00 | Crear | Villager (Male) |
| 5:15 | Construir | Palisade Wall |
| 5:27 | Crear | Villager (Male) |
| 5:29 | Crear | Villager (Male) |
| 5:30 | Crear | Villager (Male) |
| 6:17 | Crear | Villager (Male) |
| 6:27 | Investigar | Loom |
| 6:40 | Construir | Mill |
| 7:01 | Crear | Villager (Male) |
| 7:10 | Construir | Palisade Wall |
| 7:11 | Construir | Palisade Wall |
| 7:12 | Construir | Palisade Wall |
| 7:13 | Construir | Palisade Wall |
| 7:29 | Crear | Villager (Male) |
| 7:40 | Construir | Palisade Wall |
| 7:43 | Construir | Palisade Wall |
| 7:44 | Construir | Palisade Wall |
| 7:52 | Crear | Villager (Male) |
| 7:56 | Construir | Palisade Gate |
| 8:06 | Crear | Villager (Male) |
| 8:44 | Construir | Mining Camp |
| 8:44 | Crear | Villager (Male) |
| 9:10 | Investigar | Feudal Age |
| 9:10 | Investigar | Feudal Age |
| 9:21 | Construir | Palisade Wall |
| 9:33 | Construir | Palisade Wall |
| 9:39 | Construir | Palisade Wall |
| 11:20 | Edad | Edad Feudal |
| 11:22 | Crear | Villager (Male) |
| 11:32 | Construir | Blacksmith |
| 11:42 | Construir | Market |
| 11:45 | Crear | Villager (Male) |
| 12:14 | Crear | Villager (Male) |
| 12:16 | Investigar | Town Watch |
| 12:37 | Construir | Barracks |
| 12:38 | Crear | Villager (Male) |
| 12:48 | Investigar | Castle Age |
| 12:48 | Investigar | Castle Age |
| 13:23 | Investigar | Double-Bit Axe |
| 13:23 | Investigar | Double-Bit Axe |
| 14:35 | Construir | Watch Tower |
| 15:25 | Crear | Villager (Male) |
| 15:28 | Edad | Edad de los Castillos |
| 15:31 | Construir | Town Center |
| 15:33 | Crear | Spearman |
| 16:11 | Construir | House |
| 16:23 | Crear | Villager (Male) |
| 16:23 | Crear | Villager (Male) |
| 16:29 | Crear | Villager (Male) |
| 16:41 | Crear | Villager (Male) |
| 16:50 | Crear | Villager (Male) |
| 17:34 | Construir | Farm |
| 17:35 | Construir | Farm |
| 17:36 | Construir | Farm |
| 17:47 | Construir | Farm |
| 17:59 | Crear | Villager (Male) |
| 18:00 | Crear | Villager (Male) |
| 18:16 | Construir | Farm |
| 18:18 | Construir | Farm |
| 18:28 | Construir | Farm |
| 18:31 | Construir | Siege Workshop |
| 18:35 | Crear | Villager (Male) |
| 18:49 | Crear | Villager (Male) |
| 18:49 | Crear | Villager (Male) |
| 19:05 | Construir | Farm |
| 19:17 | Construir | House |
| 19:18 | Construir | House |
| 19:20 | Crear | Villager (Male) |
| 19:32 | Construir | Farm |
| 19:39 | Crear | Villager (Male) |
| 19:49 | Crear | Mangonel |
| 19:58 | Crear | Villager (Male) |
| 20:19 | Crear | Villager (Male) |
| 20:20 | Crear | Villager (Male) |
| 20:25 | Crear | Villager (Male) |
| 20:30 | Construir | House |
| 20:33 | Construir | House |
| 20:34 | Construir | House |
| 20:35 | Construir | House |
| 20:45 | Crear | Villager (Male) |
| 20:51 | Construir | Monastery |
| 21:04 | Crear | Villager (Male) |
| 21:23 | Crear | Monk |
| 21:29 | Crear | Villager (Male) |
| 21:33 | Crear | Villager (Male) |
| 21:33 | Crear | Villager (Male) |
| 21:44 | Crear | Monk |
| 22:00 | Crear | Villager (Male) |
| 22:03 | Construir | Farm |
| 22:09 | Crear | Mangonel |
| 22:12 | Crear | Scorpion |
| 22:12 | Crear | Scorpion |
| 22:13 | Crear | Villager (Male) |
| 22:23 | Crear | Villager (Male) |
| 22:27 | Crear | Villager (Male) |
| 22:30 | Construir | House |
| 22:30 | Construir | House |
| 22:31 | Construir | House |
| 22:43 | Crear | Scorpion |
| 22:46 | Crear | Villager (Male) |
| 23:04 | Crear | Villager (Male) |
| 23:09 | Construir | Farm |
| 23:09 | Construir | Farm |
| 23:10 | Construir | Farm |
| 23:13 | Construir | Farm |
| 23:21 | Crear | Monk |
| 23:23 | Crear | Spearman |
| 23:35 | Crear | Villager (Male) |
| 23:43 | Crear | Scorpion |
| 23:49 | Crear | Villager (Male) |
| 23:49 | Crear | Villager (Male) |
| 24:14 | Crear | Villager (Male) |
| 24:20 | Crear | Villager (Male) |
| 24:21 | Crear | Villager (Male) |
| 24:21 | Crear | Spearman |
| 24:21 | Crear | Spearman |
| 24:38 | Crear | Villager (Male) |
| 24:44 | Crear | Scorpion |
| 24:45 | Crear | Villager (Male) |
| 24:51 | Construir | Castle |
| 25:01 | Crear | Monk |
| 25:03 | Crear | Villager (Male) |
| 25:07 | Construir | Lumber Camp |
| 25:34 | Crear | Villager (Male) |
| 25:38 | Crear | Villager (Male) |
| 25:41 | Crear | Villager (Male) |
| 25:54 | Construir | Town Center |
| 25:57 | Crear | Organ Gun |
| 25:57 | Crear | Organ Gun |
Build order — Saloon_F_F
Primeras 150 de 229 acciones detectadas
| 0:01 | Crear | Villager (Male) |
| 0:04 | Construir | House |
| 0:05 | Construir | House |
| 0:18 | Crear | Villager (Male) |
| 0:18 | Crear | Villager (Male) |
| 0:18 | Crear | Villager (Male) |
| 1:34 | Crear | Villager (Male) |
| 2:02 | Crear | Villager (Male) |
| 2:06 | Construir | Lumber Camp |
| 2:32 | Crear | Villager (Male) |
| 2:45 | Crear | Villager (Male) |
| 2:55 | Construir | House |
| 3:17 | Crear | Villager (Male) |
| 3:40 | Crear | Villager (Male) |
| 3:49 | Construir | House |
| 4:03 | Crear | Villager (Male) |
| 4:33 | Crear | Villager (Male) |
| 4:54 | Crear | Villager (Male) |
| 4:58 | Crear | Villager (Male) |
| 5:37 | Construir | Mill |
| 5:49 | Crear | Villager (Male) |
| 6:20 | Crear | Villager (Male) |
| 6:45 | Investigar | Feudal Age |
| 6:47 | Investigar | Loom |
| 7:07 | Construir | Lumber Camp |
| 7:15 | Construir | Lumber Camp |
| 8:20 | Construir | Barracks |
| 8:48 | Crear | Villager (Male) |
| 8:55 | Edad | Edad Feudal |
| 8:58 | Investigar | Double-Bit Axe |
| 9:22 | Crear | Villager (Male) |
| 9:27 | Construir | Stable |
| 9:36 | Crear | Villager (Male) |
| 9:40 | Crear | Villager (Male) |
| 9:57 | Crear | Villager (Male) |
| 10:11 | Crear | Villager (Male) |
| 10:21 | Crear | Scout Cavalry |
| 10:21 | Crear | Scout Cavalry |
| 10:28 | Construir | Blacksmith |
| 10:32 | Construir | House |
| 10:40 | Crear | Villager (Male) |
| 10:56 | Investigar | Wheelbarrow |
| 11:00 | Crear | Villager (Male) |
| 11:17 | Crear | Villager (Male) |
| 11:23 | Crear | Villager (Male) |
| 11:29 | Construir | House |
| 11:45 | Crear | Villager (Male) |
| 12:26 | Construir | Watch Tower |
| 12:28 | Crear | Villager (Male) |
| 12:38 | Investigar | Fletching |
| 12:47 | Construir | Palisade Wall |
| 12:48 | Construir | Palisade Wall |
| 12:48 | Construir | Palisade Wall |
| 12:48 | Construir | Palisade Wall |
| 12:49 | Construir | Palisade Wall |
| 12:59 | Construir | Market |
| 13:08 | Crear | Villager (Male) |
| 13:14 | Construir | Palisade Wall |
| 13:15 | Construir | Palisade Wall |
| 13:15 | Construir | Palisade Wall |
| 13:19 | Crear | Villager (Male) |
| 13:35 | Crear | Villager (Male) |
| 14:07 | Construir | House |
| 14:27 | Construir | Watch Tower |
| 14:30 | Crear | Scout Cavalry |
| 14:30 | Crear | Villager (Male) |
| 14:35 | Construir | Farm |
| 14:36 | Construir | Farm |
| 14:42 | Investigar | Horse Collar |
| 14:49 | Construir | Farm |
| 14:49 | Construir | Farm |
| 14:50 | Construir | Farm |
| 14:51 | Construir | Farm |
| 14:55 | Construir | Farm |
| 14:56 | Construir | Farm |
| 14:56 | Construir | Farm |
| 15:04 | Construir | Palisade Wall |
| 15:04 | Construir | Palisade Wall |
| 15:05 | Construir | Palisade Wall |
| 15:05 | Construir | Palisade Wall |
| 15:06 | Construir | Palisade Wall |
| 15:06 | Construir | Palisade Wall |
| 15:07 | Construir | Palisade Wall |
| 15:08 | Crear | Scout Cavalry |
| 15:09 | Crear | Villager (Male) |
| 15:45 | Crear | Villager (Male) |
| 15:49 | Construir | Farm |
| 15:50 | Construir | Farm |
| 15:52 | Construir | Farm |
| 15:53 | Construir | Farm |
| 15:55 | Construir | Farm |
| 16:15 | Crear | Villager (Male) |
| 16:25 | Crear | Villager (Male) |
| 17:20 | Crear | Villager (Male) |
| 17:25 | Construir | Mining Camp |
| 17:27 | Crear | Villager (Male) |
| 17:30 | Construir | Farm |
| 17:34 | Construir | Farm |
| 17:36 | Crear | Villager (Male) |
| 18:05 | Construir | Farm |
| 18:12 | Construir | Farm |
| 18:16 | Construir | Farm |
| 18:17 | Crear | Villager (Male) |
| 18:20 | Construir | Farm |
| 18:25 | Crear | Villager (Male) |
| 18:33 | Construir | House |
| 18:35 | Construir | Palisade Wall |
| 18:35 | Construir | Palisade Wall |
| 18:35 | Construir | Palisade Wall |
| 18:38 | Construir | Palisade Wall |
| 18:39 | Construir | Palisade Wall |
| 18:40 | Construir | Palisade Wall |
| 18:40 | Construir | Palisade Wall |
| 18:51 | Construir | House |
| 19:02 | Crear | Villager (Male) |
| 19:19 | Construir | Archery Range |
| 19:34 | Construir | Archery Range |
| 19:43 | Construir | House |
| 19:45 | Construir | Palisade Wall |
| 19:46 | Construir | Palisade Wall |
| 19:46 | Construir | Palisade Wall |
| 19:52 | Investigar | Castle Age |
| 20:35 | Construir | Palisade Wall |
| 20:57 | Investigar | Bloodlines |
| 21:35 | Construir | Archery Range |
| 21:37 | Investigar | Gold Mining |
| 22:06 | Crear | Scout Cavalry |
| 22:13 | Construir | House |
| 22:14 | Construir | House |
| 22:32 | Edad | Edad de los Castillos |
| 22:37 | Crear | Cavalry Archer |
| 22:37 | Crear | Cavalry Archer |
| 22:38 | Crear | Cavalry Archer |
| 22:47 | Investigar | Bodkin Arrow |
| 22:49 | Crear | Cavalry Archer |
| 22:50 | Crear | Cavalry Archer |
| 22:55 | Crear | Scout Cavalry |
| 23:04 | Crear | Villager (Male) |
| 23:04 | Crear | Villager (Male) |
| 23:06 | Crear | Cavalry Archer |
| 23:06 | Crear | Cavalry Archer |
| 23:07 | Crear | Cavalry Archer |
| 23:21 | Crear | Cavalry Archer |
| 23:22 | Crear | Cavalry Archer |
| 23:23 | Investigar | Husbandry |
| 23:36 | Crear | Cavalry Archer |
| 23:36 | Crear | Cavalry Archer |
| 23:36 | Crear | Cavalry Archer |
| 23:37 | Crear | Villager (Male) |
| 23:48 | Crear | Villager (Male) |
Cronología de la partida
| 5:15 | zz_Highway · wall_segment Palisade Wall x1 |
| 7:10 | zz_Highway · wall_segment Palisade Wall x1 |
| 7:11 | zz_Highway · wall_segment Palisade Wall x1 |
| 7:12 | zz_Highway · wall_segment Palisade Wall x1 |
| 7:13 | zz_Highway · wall_segment Palisade Wall x1 |
| 7:40 | zz_Highway · wall_segment Palisade Wall x1 |
| 7:43 | zz_Highway · wall_segment Palisade Wall x4 |
| 7:44 | zz_Highway · wall_segment Palisade Wall x9 |
| 8:20 | Saloon_F_F · first_building Barracks |
| 8:55 | Saloon_F_F · age_up feudal |
| 9:21 | zz_Highway · wall_segment Palisade Wall x1 |
| 9:27 | Saloon_F_F · first_building Stable |
| 9:33 | zz_Highway · wall_segment Palisade Wall x1 |
| 9:39 | zz_Highway · wall_segment Palisade Wall x1 |
| 11:20 | zz_Highway · age_up feudal |
| 12:37 | zz_Highway · first_building Barracks |
| 12:45 | zz_Highway · first_market_sell 100 wood |
| 12:46 | zz_Highway · first_market_buy 100 food |
| 12:47 | Saloon_F_F · wall_segment Palisade Wall x1 |
| 12:48 | Saloon_F_F · wall_segment Palisade Wall x1 |
| 12:48 | Saloon_F_F · wall_segment Palisade Wall x1 |
| 12:48 | Saloon_F_F · wall_segment Palisade Wall x1 |
| 12:49 | Saloon_F_F · wall_segment Palisade Wall x1 |
| 13:14 | Saloon_F_F · wall_segment Palisade Wall x1 |
| 13:15 | Saloon_F_F · wall_segment Palisade Wall x1 |
| 13:15 | Saloon_F_F · wall_segment Palisade Wall x1 |
| 14:38 | Saloon_F_F · first_market_sell 100 wood |
| 14:40 | Saloon_F_F · first_market_buy 100 food |
| 15:04 | Saloon_F_F · wall_segment Palisade Wall x1 |
| 15:04 | Saloon_F_F · wall_segment Palisade Wall x1 |
| 15:05 | Saloon_F_F · wall_segment Palisade Wall x1 |
| 15:05 | Saloon_F_F · wall_segment Palisade Wall x1 |
| 15:06 | Saloon_F_F · wall_segment Palisade Wall x1 |
| 15:06 | Saloon_F_F · wall_segment Palisade Wall x1 |
| 15:07 | Saloon_F_F · wall_segment Palisade Wall x1 |
| 15:28 | zz_Highway · age_up castle |
| 18:31 | zz_Highway · first_building Siege Workshop |
| 18:35 | Saloon_F_F · wall_segment Palisade Wall x1 |
| 18:35 | Saloon_F_F · wall_segment Palisade Wall x1 |
| 18:35 | Saloon_F_F · wall_segment Palisade Wall x1 |
| 18:38 | Saloon_F_F · wall_segment Palisade Wall x1 |
| 18:39 | Saloon_F_F · wall_segment Palisade Wall x1 |
| 18:40 | Saloon_F_F · wall_segment Palisade Wall x1 |
| 18:40 | Saloon_F_F · wall_segment Palisade Wall x1 |
| 19:19 | Saloon_F_F · first_building Archery Range |
| 19:45 | Saloon_F_F · wall_segment Palisade Wall x1 |
| 19:46 | Saloon_F_F · wall_segment Palisade Wall x1 |
| 19:46 | Saloon_F_F · wall_segment Palisade Wall x1 |
| 20:35 | Saloon_F_F · wall_segment Palisade Wall x1 |
| 20:51 | zz_Highway · first_building Monastery |
| 22:32 | Saloon_F_F · age_up castle |
| 24:51 | zz_Highway · first_building Castle |
| 28:30 | Saloon_F_F · first_building Siege Workshop |
| 32:00 | Saloon_F_F · first_building Castle |
| 35:16 | Saloon_F_F · resign |
[ ANÁLISIS IA · 1 CRÉDITO ]
¿Qué pasó realmente en esta partida?
Wolo.gg analiza cada decisión: build order, eco, micro, errores típicos por bracket. Análisis personalizado por WhatsApp o Discord en 30 segundos.
Guía civ
Portugueses
Perfil
zz_Highway